 Dungeon Crawl Stone Soup version 0.31-a0-960-g0fca184906 (webtiles) character file.

Game seed: 4017492231601351723

103 BinkBink the Shooter (level 4, 0/28 HPs)
             Began as a Gargoyle Hunter on Oct 23, 2023.
             Was an Initiate of Ru.
             Killed from afar by Ijyb (4 damage)
             ... with a puff of flame
             ... on level 3 of the Dungeon.
             The game lasted 00:02:29 (2160 turns).

BinkBink the Shooter (Gargoyle Hunter)              Turns: 2160, Time: 00:02:30

Health: 0/28       AC:  3    Str: 15    XL:     4   Next: 79%
Magic:  4/4        EV: 12    Int:  9    God:    Ru [......]
Gold:   114        SH:  0    Dex: 15    Spells: 3/3 levels left

rFire   . . .        a - +0 shortbow
rCold   . . .        (shield currently unavailable)
rNeg    + . .        (no body armour)
rPois   ∞            p - +0 hat
rElec   +            (no cloak)
rCorr   .            (no gloves)
SInv    .            (no boots)
Will    .....        (no amulet)
Stlth   ++           (no ring)
HPRegen 0.24/turn    (no ring)
MPRegen 0.09/turn

%: no passive effects
@: no status effects
A: sickness immunity, AC +3, negative energy resistance 1, electricity
resistance, torment resistance 1, petrification resistance
a: Renounce Religion


You were on level 3 of the Dungeon.
You worshipped Ru.
Ru was noncommittal.
You visited 1 branch of the dungeon, and saw 3 of its levels.

You collected 114 gold pieces.

Inventory:

Hand Weapons
 a - a +0 shortbow (weapon)
Armour
 p - a +0 hat (worn)
Scrolls
 b - a scroll of butterflies
 c - a scroll of blinking {unknown}
 e - 2 scrolls of noise {unknown}
 f - a scroll of teleportation {unknown}
 g - a scroll of acquirement {unknown}
 l - a scroll of fear {unknown}
 m - a scroll of immolation {unknown}
 n - a scroll of identify {unknown}
 o - a scroll of enchant weapon {unknown}
 q - a scroll of vulnerability {unknown}
 s - 2 scrolls of revelation {unknown}
 t - a scroll of enchant armour {unknown}
Potions
 d - 2 potions of mutation {unknown}
 h - 3 potions of degeneration {unknown}
 i - a potion of magic {unknown}
 j - 2 potions of attraction {unknown}
 k - a potion of haste {unknown}
 r - a potion of berserk rage {unknown}
 u - 2 potions of enlightenment {unknown}


   Skills:
 + Level 3.4 Fighting
 + Level 5.0 Ranged Weapons
 + Level 1.2 Armour
 + Level 2.0 Dodging
 - Level 1.1 Stealth


You had 3 spell levels left.
You didn't know any spells.
Your spell library contained the following spells:

 Spells                   Type           Power      Damage    Failure   Level
 Static Discharge         Conj/Air       0%         3-3/arc   52%         2
 Airstrike                Air            0%         2d(0-16)  99%         4
 Summon Lightning Spire   Summ/Air       0%         N/A       99%         4


Dungeon Overview and Level Annotations

Branches:
Dungeon (3/15)

Altars:
Ru

Annotations:
D:2 1 runed translucent door, Crazy Yiuf
D:3 3 runed translucent doors, Ijyb


Innate Abilities, Weirdness & Mutations

You are immune to sickness and miasma.
Your stone body is resilient. (AC +3)
You are immune to poison.
You resist negative energy. (rN+)
You are resistant to electric shocks. (rElec)
You are resistant to unholy torment.
You are immune to petrification.


Message History

Ijyb is heavily wounded.
You shoot an arrow. The arrow hits Ijyb.
Ijyb is heavily wounded.
You shoot an arrow. The arrow hits Ijyb but does no damage.
Ijyb is heavily wounded.
You shoot an arrow. The arrow hits Ijyb.
Ijyb is severely wounded.
You shoot an arrow. The arrow closely misses Ijyb.
Ijyb zaps a wand.
The puff of flame hits you! Ijyb closely misses you.
You are too injured to fight recklessly!
Fire: a) +0 shortbow
Press: ? - help, Q - select action Shift-Dir - straight line, f/p - Ijyb
Aim: Ijyb, wielding a +0 dagger, wearing a +0 leather armour and carrying a wand of flame (severely wounded, 55% to hit)
You shoot an arrow. The arrow closely misses Ijyb.
Ijyb barely misses you.
Fire: a) +0 shortbow
Press: ? - help, Q - select action Shift-Dir - straight line, f/p - Ijyb
Aim: Ijyb, wielding a +0 dagger, wearing a +0 leather armour and carrying a wand of flame (severely wounded, 55% to hit)
You shoot an arrow. The arrow closely misses Ijyb.
Ijyb hits you with a +0 dagger.
* * * LOW HITPOINT WARNING * * *
Fire: a) +0 shortbow
Press: ? - help, Q - select action Shift-Dir - straight line, f/p - Ijyb
Aim: Ijyb, wielding a +0 dagger, wearing a +0 leather armour and carrying a wand of flame (severely wounded, 55% to hit)
You shoot an arrow. The arrow hits Ijyb but does no damage.
Ijyb is severely wounded.
Ijyb hits you with a +0 dagger.
* * * LOW HITPOINT WARNING * * *
Fire: a) +0 shortbow
Press: ? - help, Q - select action Shift-Dir - straight line, f/p - Ijyb
Aim: Ijyb, wielding a +0 dagger, wearing a +0 leather armour and carrying a wand of flame (severely wounded, 55% to hit)
You shoot an arrow. The arrow barely misses Ijyb.
Ijyb closely misses you.
Fire: a) +0 shortbow
Press: ? - help, Q - select action Shift-Dir - straight line, f/p - Ijyb
Aim: Ijyb, wielding a +0 dagger, wearing a +0 leather armour and carrying a wand of flame (severely wounded, 55% to hit)
You shoot an arrow. The arrow hits Ijyb but does no damage.
Ijyb is severely wounded.
Ijyb zaps a wand.
The puff of flame hits you.
You die...

#.............##..##
#.#...........#
#.######...##.# #
##..#.##.#
#.####.....##.## #
♣......PPP..#..# .#
♣~P##..P..PP....#..#
###gPP...PP......#
#.#
#.@.PP.8..P..#..##
... .#
#.#.P.....P.###.# ##
#.# #.#
#.#...PPPP...# #
####.##.##..#
#.##..PPP..#....#
..... ....#.#
#.###.....###.#.#
####.##.#...# #.#
#(.#### .# #
#.#.#.#.###.# ##.#
.# #........##.# #..
# #..)#.......# ....


You could see Ijyb.

Vanquished Creatures
  4 adders
  A gnoll (D:1)
  A worm (D:2)
  8 bats
  6 endoplasms
  A giant cockroach (D:1)
  4 hobgoblins
  5 jackals
  5 quokkas
  5 ball pythons
  3 frilled lizards
  3 goblins
  4 kobolds
  4 rats
54 creatures vanquished.

Notes
Turn   | Place    | Note
-------+----------+-------------------------------------------
     0 | D:1      | BinkBink the Gargoyle Hunter began the quest for the Orb.
     0 | D:1      | Reached XP level 1. HP: 12/12 MP: 1/1
    95 | D:1      | Reached XP level 2. HP: 6/18 MP: 2/2
   418 | D:1      | Reached XP level 3. HP: 22/22 MP: 3/3
  1412 | D:2      | Found a sacrificial altar of Ru.
  1428 | D:2      | Reached XP level 4. HP: 28/28 MP: 4/4
  1479 | D:2      | Found a runed translucent door.
  1480 | D:2      | Noticed Crazy Yiuf
  1542 | D:2      | Reached skill level 1 in Armour
  1601 | D:2      | Became a worshipper of Ru the Awakened
  1903 | D:3      | Reached skill level 5 in Ranged Weapons
  2125 | D:3      | Found a runed translucent gate.
  2126 | D:3      | Found a runed translucent gate.
  2127 | D:3      | Found a runed translucent gate.
  2127 | D:3      | Noticed Ijyb
  2160 | D:3      | Killed from afar by Ijyb

Illustrated notes

Levels and vault maps discovered:
D:1:      amcnicky_arrival_feature_with_door, layout_loops_cross,
          skrybe_limestone_x, st_stairs_10
D:2:      layout_loops_corners, basic_altar, minmay_tetromino_l4,
          uniq_crazy_yiuf_cottage
D:3:      layout_loops_ring, mainiacjoe_overflow_small_starburst,
          gammafunk_ghost_split, dreamdust_mushroom_princess,
          serial_bayou_pond_d, grunt_decor_cap, st_stairs_11,
          kennysheep_generic_room_5, uniq_ijyb, uniq_natasha

Skill      XL: |  1  2  3  4 |
---------------+-------------+-----
Fighting       | 3 |  3.4
Armour         | 1 |  1.2
Ranged Weapons | 5 |  5.0
Dodging        | 2 |  2.0
Stealth        | |  1.1

Action                     |  1- 3 |  4- 6 || total
---------------------------+-------+-------++-------
   Fire: Shortbow          |    92 |    72 ||   164
 Armour: Skin              |    17 |    16 ||    33
  Dodge: Dodged            |    16 |    19 ||    35

Table legend: (Time is in decaauts)
 A = Elapsed time spent in this place.
 B = Non-inter-level travel time spent in this place.
 C = Inter-level travel time spent in this place.
 D = Time resting spent in this place.
 E = Time spent auto-exploring this place.
 F = Levels seen in this place.
 G = Mean time per level.
                   A        B        C        D        E       F      G
               +--------+--------+--------+--------+--------+-----+--------+
         Total |   2186 |   2106 |     80 |      0 |   1792 |   3 |  728.7 |
       Dungeon |   2186 |   2106 |     80 |      0 |   1792 |   3 |  728.7 |
               +--------+--------+--------+--------+--------+-----+--------+

Top non-repeatable levels by time:
     D:2: 1035 daAuts
     D:1: 876 daAuts
     D:3: 274 daAuts
